 Dungeon Crawl Stone Soup version 0.30-a0-883-g5ad918d77d (webtiles) character file.

Game seed: 15177102675696561208

3887 EiAlmux the Destroyer (level 10, -6/53 HPs)
             Began as a Deep Elf Conjurer on Mar 15, 2023.
             Was a Follower of Sif Muna.
             Shot with an arrow by a centaur warrior (24 damage)
             ... on level 8 of the Dungeon.
             The game lasted 00:27:28 (9021 turns).

EiAlmux the Destroyer (Deep Elf Conjurer)           Turns: 9021, Time: 00:27:29

Health: -6/53      AC:  5    Str:  4    XL:     10   Next: 0%
Magic:  3/25       EV: 18    Int: 28    God:    Sif Muna [*.....]
Gold:   559        SH:  0    Dex: 13    Spells: 10/27 levels left

rFire   . . .      SeeInvis .    s - +3 dagger (venom)
rCold   . . .      Faith    .    (no shield)
rNeg    . . .      Spirit   .    a - +0 robe
rPois   .          Reflect  .    m - +0 helmet
rElec   .          Rampage  .    j - +0 cloak
rCorr   .                        (no gloves)
Will    +....                    d - +0 pair of boots
Stlth   +++                      (no amulet)
HPRegen 0.28/turn                C - +5 ring of evasion
MPRegen 0.19/turn                (no ring)

@: no status effects
A: no striking features
a: Renounce Religion, Channel Magic


You were on level 8 of the Dungeon.
You worshipped Sif Muna.
Sif Muna was aware of your devotion.
You visited 2 branches of the dungeon, and saw 10 of its levels.

You collected 559 gold pieces.

Inventory:

Hand Weapons
 s - a +3 dagger of venom (weapon)
Armour
 a - a +0 robe (worn)
 d - a +0 pair of boots (worn)
 j - a +0 cloak (worn)
 m - a +0 helmet (worn)
Jewellery
 C - a +5 ring of evasion (left hand)
Wands
 k - a wand of polymorph (23)
 l - a wand of paralysis (11)
 w - a wand of quicksilver (9)
Scrolls
 e - 2 scrolls of fog
 f - a scroll of amnesia {unknown}
 h - a scroll of teleportation
 i - 3 scrolls of blinking
 o - 2 scrolls of noise
 p - 2 scrolls of immolation {unknown}
 r - 2 scrolls of magic mapping
 x - a scroll of vulnerability {unknown}
 y - a scroll of poison {unknown}
Potions
 b - 2 potions of magic
 c - 3 potions of brilliance
 g - 6 potions of heal wounds
 n - 2 potions of attraction
 q - a potion of flight {unknown}
 t - a potion of resistance {unknown}
 u - 6 potions of curing
 v - a potion of lignification {unknown}
 z - a potion of invisibility
 A - 3 potions of haste


   Skills:
 - Level 2.0 Fighting
 + Level 4.4 Dodging
 * Level 5.1 Stealth
 + Level 9.4 Spellcasting
 * Level 10.5 Conjurations
 - Level 4.0 Hexes
 - Level 3.0 Translocations
 - Level 3.0 Fire Magic
 - Level 1.0 Ice Magic
 + Level 5.2 Invocations


You had 10 spell levels left.
You knew the following spells:

 Your Spells              Type           Power      Damage    Failure   Level
a - Flame Wave            Conj/Fire      50%        2d12      2%          4
b - Searing Ray           Conj           100%       2d8       1%          2
c - Fulminant Prism       Conj/Hex       26%        3d14      2%          4
d - Iskenderun's Mystic   Conj/Tloc      50%        2d11      2%          4
e - Ensorcelled Hibernat  Hex/Ice        54%        N/A       2%          2
f - Magic Dart            Conj           100%       1d8       1%          1

Your spell library contained the following spells:

 Spells                   Type           Power      Damage    Failure   Level
 Scorch                   Fire           60%        2d8       1%          2
 Dazzling Flash           Conj/Hex       100%       N/A       1%          3
 Sublimation of Blood     Necr           13%        N/A       6%          2
 Wereblood                Tmut           13%        N/A       6%          2
 Spider Form              Tmut/Pois      13%        N/A       13%         3
 Anguish                  Hex/Necr       12%        N/A       19%         4
 Summon Cactus Giant      Summ           6%         N/A       100%        6
 Summon Hydra             Summ           6%         N/A       100%        7


Dungeon Overview and Level Annotations

Branches:
Dungeon (9/15)             Temple (1/1) D:5
   Lair: D:8-11         Orc: D:9-12

Altars:
Ashenzari
Cheibriados
Dithmenos
Elyvilon
Gozag
Hepliaklqana
Kikubaaqudgha
Makhleb
Nemelex Xobeh
Okawaru
Sif Muna
Trog
Uskayaw
Wu Jian
Xom
Yredelemnul
Zin
The Shining One

Annotations:
D:3 Grinder
D:5 Eustachio, Prince Ribbit


Message History

Aiming: Fulminant Prism (dangerous; 2% risk of failure)
Press: ? - help, Dir - move target You conjure a prism of explosive energy!
A fulminant prism comes into view.
Your fulminant prism crackles loudly.
Your fulminant prism explodes!
The blast of energy engulfs the centaur warrior!!
The centaur warrior is moderately wounded.
The centaur warrior shouts!
Your fulminant prism crackles loudly.
You hear a shout!
The centaur warrior unwields a +0 mace.
The centaur warrior wields a +0 shortbow.
The centaur warrior shoots an arrow.
The arrow misses you.
The centaur warrior shoots an arrow.
The arrow completely misses you.
Your fulminant prism explodes!
The blast of energy engulfs the centaur warrior!!
The centaur warrior is severely wounded.
Casting: Fulminant Prism (dangerous; 2% risk of failure)
Confirm with . or Enter, or press ? or * to list all spells.
Aiming: Fulminant Prism (dangerous; 2% risk of failure)
Press: ? - help, Dir - move target You conjure a prism of explosive energy!
A fulminant prism comes into view.
Casting: Fulminant Prism (dangerous; 2% risk of failure)
Confirm with . or Enter, or press ? or * to list all spells.
Aiming: Fulminant Prism (dangerous; 2% risk of failure)
Press: ? - help, Dir - move target You conjure a prism of explosive energy!
A fulminant prism comes into view.
The centaur warrior shoots an arrow.
The arrow closely misses you.
Your fulminant prism crackles loudly.
A howler monkey comes into view.
The centaur warrior shoots an arrow.
The arrow hits you!
Your fulminant prism explodes!
Your fulminant prism crackles loudly.
You hear a shout!
The centaur warrior shoots an arrow.
The arrow hits you!!
The centaur warrior shoots an arrow.
The arrow hits you!!
You die...

#. ##..## #.## ##..##
##..##### ##...#
#....#..####...####
##........##........
##............####...
##............## ###
##.............##
#.....@...).....#
#................#
#...............##
#....*.........##
.......c.......#
..............##
#.........h..##
............## ......


You could see a centaur warrior (ally target), a howler monkey and a friendly
fulminant prism.

Vanquished Creatures
  A wyvern (D:9)
  4 yaks
  5 water moccasins
  3 orc warriors
  2 ogres
  2 wolves (D:9)
  A centaur (D:9)
  A phantom (D:5)
  A kobold brigand (D:5)
  8 bullfrogs
  4 scorpions
  4 wights (D:7)
  A killer bee (D:8)
  A jelly (D:6)
  A gnoll bouda (D:6)
  3 hounds
  3 orc priests
  A sleepcap (D:5)
  Terence (D:2)
  Ijyb (D:5)
  3 iguanas
  3 orc wizards
  Robin (D:2)
  8 gnolls
  6 adders
  2 shadow imps (D:5)
  A white imp (D:7)
  2 ufetubi (D:6)
  A worm (D:3)
  3 dart slugs
  21 orcs
  6 endoplasms
  3 giant cockroaches
  19 goblins
  16 hobgoblins
  6 jackals
  11 kobolds
  3 quokkas
  6 ball pythons
  12 bats
  5 frilled lizards
  6 rats
192 creatures vanquished.

Vanquished Creatures (others)
  13 fulminant prisms
  9 fungi (D:4)
  12 plants (D:8)
34 creatures vanquished.

Grand Total: 226 creatures vanquished

Notes
Turn   | Place    | Note
-------+----------+-------------------------------------------
     0 | D:1      | EiAlmux the Deep Elf Conjurer began the quest for the Orb.
     0 | D:1      | Reached XP level 1. HP: 10/10 MP: 6/6
   149 | D:1      | Reached skill level 1 in Hexes
   149 | D:1      | Reached XP level 2. HP: 15/15 MP: 0/8
   152 | D:1      | Learned a level 2 spell: Searing Ray
   793 | D:1      | Reached XP level 3. HP: 19/19 MP: 6/9
  1191 | D:2      | Found a hazy altar of Hepliaklqana.
  1200 | D:2      | Noticed Terence
  1207 | D:2      | Killed Terence
  1496 | D:2      | Reached XP level 4. HP: 24/24 MP: 6/11
  1502 | D:2      | Reached skill level 5 in Conjurations
  1746 | D:2      | Noticed Robin
  1840 | D:2      | Killed Robin
  2726 | D:3      | Reached XP level 5. HP: 28/28 MP: 8/13
  2729 | D:3      | Learned a level 2 spell: Ensorcelled Hibernation
  3396 | D:3      | Reached skill level 1 in Ice Magic
  3571 | D:3      | Noticed Grinder
  3579 | D:3      | Paralysed by Grinder for 5 turns
  3622 | D:4      | Found a shimmering altar of Xom.
  3642 | D:4      | Reached skill level 5 in Spellcasting
  3642 | D:4      | Reached XP level 6. HP: 32/32 MP: 7/15
  3787 | D:4      | Reached skill level 5 in Stealth
  4015 | D:4      | Reached skill level 6 in Conjurations
  4071 | D:4      | Noticed an ice beast
  4096 | D:5      | Entered Level 5 of the Dungeon
  4276 | D:5      | Learned a level 4 spell: Fulminant Prism
  4324 | D:5      | Reached XP level 7. HP: 29/36 MP: 9/18
  4572 | D:5      | Found a broken altar of Ashenzari.
  4592 | D:5      | Reached skill level 7 in Conjurations
  4623 | D:5      | Found a sparkling altar of Nemelex Xobeh.
  4665 | D:5      | Noticed Prince Ribbit
  4697 | D:5      | Noticed Ijyb
  4702 | D:5      | Killed Ijyb
  4804 | D:5      | Found a staircase to the Ecumenical Temple.
  4905 | Temple   | Entered the Ecumenical Temple
  4910 | Temple   | Became a worshipper of Sif Muna the Loreminder
  5167 | D:5      | Reached skill level 1 in Invocations
  5204 | D:5      | Noticed Eustachio
  5243 | D:5      | Reached XP level 8. HP: 36/41 MP: 10/20
  5572 | D:6      | Found a glowing silver altar of Zin.
  5592 | D:6      | Reached skill level 8 in Conjurations
  5870 | D:6      | Reached skill level 1 in Fighting
  6005 | D:6      | Reached skill level 1 in Translocations
  6214 | D:6      | Found a bloodstained altar of Trog.
  6483 | D:6      | Reached * piety under Sif Muna
  6966 | D:7      | Found an opulent altar of Gozag.
  7016 | D:7      | Reached skill level 9 in Conjurations
  7113 | D:7      | Reached XP level 9. HP: 48/48 MP: 18/23
  7167 | D:7      | Learned a level 4 spell: Iskenderun's Mystic Blast
  7896 | D:8      | Found an iron altar of Okawaru.
  7901 | D:8      | Reached skill level 1 in Fire Magic
  8054 | D:8      | Noticed a centaur warrior
  8057 | D:8      | Noticed a catoblepas
  8384 | D:9      | Reached skill level 10 in Conjurations
  8631 | D:9      | Reached skill level 5 in Invocations
  8669 | D:9      | Learned a level 4 spell: Flame Wave
  8780 | D:9      | Noticed a rime drake
  8853 | D:9      | Reached ** piety under Sif Muna
  9006 | D:8      | Reached XP level 10. HP: 53/53 MP: 20/25
  9021 | D:8      | Shot with an arrow by a centaur warrior

Illustrated notes

Levels and vault maps discovered:
D:1:      shiori_arrival_elements, layout_basic
D:2:      layout_loops_corners, basic_altar, minmay_goblin_outpost,
          uniq_terence, uniq_robin
D:3:      minmay_bubble_buster, layout_basic,
          shapermc_ecumenical_altar_flowoftime, uniq_grinder
D:4:      cheibrodos_quashed, layout_loops_cross,
          mainiacjoe_overflow_cross_hatched, minmay_tree_intersection
D:5:      layout_basic, nemelex_diamond_rough_becter, kennysheep_mini_moat,
          minmay_temple_entry_fiery, uniq_prince_ribbit1, uniq_ijyb,
          uniq_eustachio
D:6:      layout_basic, mainiacjoe_overflow_catwalk,
          mainiacjoe_overflow_brackets
D:7:      layout_basic, nicolae_gozag_seed_capital
D:8:      layout_cave_pods, okawaru_gym_becter, dreamdust_wishing_well,
          minmay_shattered_shrine, uniq_joseph, uniq_maurice
D:9:      layout_irregular_city, nicolae_vehumet_altar_sigil,
          nicolae_qazlal_general_emergency, hellmonk_lair_entry_icy
Temple:   minmay_freezing_vapour_temple

Skill      XL: |  1  2  3  4  5  6  7  8  9 |
---------------+----------------------------+-----
Hexes          | 1 2 3 4 |  4.0
Stealth        | 3 4 5 |  5.1
Conjurations   | 5 6 7 9 10 | 10.5
Spellcasting   | 4 5 6 7 8 9 |  9.4
Ice Magic      | 1 |  1.0
Invocations    | 1 3 5 |  5.2
Fighting       | 2 |  2.0
Translocations | 2 3 |  3.0
Fire Magic     | 3 |  3.0
Dodging        | 4 |  4.4

Action                     |  1- 3 |  4- 6 |  7- 9 | 10-12 || total
---------------------------+-------+-------+-------+-------++-------
  Melee: Dagger            |       |       |     6 |       ||     6
   Cast: Magic Dart        |    52 |   124 |   120 |       ||   296
         Searing Ray       |     2 |    12 |    45 |       ||    59
         Fulminant Prism   |       |       |    10 |     4 ||    14
         Ensorcelled Hiber |       |       |     1 |     2 ||     3
         Iskenderun's Myst |       |       |     9 |       ||     9
         Flame Wave        |       |       |     2 |       ||     2
    Use: Scroll            |       |     9 |     7 |       ||    16
         Potion            |       |     1 |       |       ||     1
 Armour: Robe              |     2 |     7 |    13 |       ||    22
  Dodge: Dodged            |     2 |    17 |    66 |     3 ||    88

Table legend: (Time is in decaauts)
 A = Elapsed time spent in this place.
 B = Non-inter-level travel time spent in this place.
 C = Inter-level travel time spent in this place.
 D = Time resting spent in this place.
 E = Time spent auto-exploring this place.
 F = Levels seen in this place.
 G = Mean time per level.
                   A        B        C        D        E       F      G
               +--------+--------+--------+--------+--------+-----+--------+
         Total |   9025 |   8744 |    281 |    914 |   6639 |  10 |  902.5 |
       Dungeon |   9014 |   8741 |    273 |    914 |   6639 |   9 | 1001.6 |
        Temple |     10 |      2 |      8 |      0 |      0 |   1 |   10.0 |
               +--------+--------+--------+--------+--------+-----+--------+

Top non-repeatable levels by time:
     D:5: 1577 daAuts
     D:6: 1264 daAuts
     D:2: 1234 daAuts
     D:1: 1232 daAuts
     D:3: 1125 daAuts
     D:7: 861 daAuts
     D:9: 641 daAuts
     D:8: 574 daAuts
     D:4: 502 daAuts
  Temple: 10 daAuts
